AoeStats
← waw15

African Clearing

504294449Analyzed
3v3 RM · 26d ago on Sep 4, 2026· 56m 54s· 6 players
Game mode
Random Map
Map size
Normal (6 player)
Population
200
Speed
Normal
Resources
Standard
Victory
Conquest
Starting age
Dark Age
Ending age
Imperial Age
RankedLock teamsTeams togetherTeam positionsShared explorationLock speedFull tech treeHidden civsTurbo modeCheats
Victory
Defeat
🇹🇼 Romans · Taiwan
947
+15
🇵🇱 Hindustanis · Poland
910
+17
🇬🇧 Japanese · United Kingdom
888
+17
🇰🇿 Inca · Kazakhstan
932
-17
🇷🇺 Mongols · Russia
923
-16
🇵🇹 Vikings · Portugal
916
-16
Exteme77
3:35 Loom
16:19 Feudal Age
21:29 Castle Age
21:06 Double-Bit Axe
21:35 Forging
26:02 Gold Mining
28:39 Bow Saw
37:31 Imperial Age
36:15 Horse Collar
37:48 Fletching
40:01 Elite Berserk
41:51 Conscription
42:26 Iron Casting
41:32 Light Cavalry
44:44 Scale Mail Armor
47:32 Chain Mail Armor
48:16 Stone Mining
50:55 Crossbowman
52:10 Arbalester
53:03 Bodkin Arrow
55:15 Blast Furnace
DeSong
15:00 Feudal Age
16:39 Loom
19:55 Castle Age
19:10 Horse Collar
19:16 Double-Bit Axe
22:14 Bow Saw
28:08 Heavy Plow
37:45 Stone Mining
37:46 Gold Mining
40:36 Imperial Age
39:34 Scale Mail Armor
39:44 Forging
41:13 Chain Mail Armor
41:35 Wheelbarrow
40:45 Town Watch
42:24 Conscription
42:30 Town Patrol
43:19 Plate Mail Armor
43:25 Iron Casting
42:58 Squires
42:43 Arson
43:06 Elite Kamayuk
45:40 Stone Shaft Mining
45:41 Crop Rotation
45:51 Gold Shaft Mining
46:55 Blast Furnace
46:28 Fabric Shields
46:29 Andean Sling
46:31 Champi Runner
47:07 Champi Warrior
48:22 Elite Champi Warrior
53:13 Treadmill Crane
Aleksjar
11:02 Loom
13:45 Feudal Age
14:24 Double-Bit Axe
14:36 Horse Collar
19:12 Gold Mining
19:15 Stone Mining
19:21 Gold Mining
19:51 Scale Barding Armor
25:36 Castle Age
24:57 Fletching
27:20 Bow Saw
27:12 Heavy Plow
27:15 Bodkin Arrow
28:49 Stone Shaft Mining
28:51 Gold Shaft Mining
33:17 Wheelbarrow
33:15 Bloodlines
33:06 Husbandry
35:26 Hand Cart
35:38 Ballistics
40:06 Imperial Age
40:26 Chain Barding Armor
40:51 Elite Mangudai
41:35 Bracer
41:36 Padded Archer Armor
43:51 Chemistry
waw15
11:00 Loom
13:14 Feudal Age
18:03 Castle Age
16:07 Double-Bit Axe
16:06 Horse Collar
16:20 Man-at-Arms
23:12 Long Swordsman
24:28 Pikeman
28:26 Gambesons
32:02 Gold Mining
34:54 Imperial Age
33:10 Wheelbarrow
32:59 Bow Saw
33:25 Yasama
34:25 Gold Shaft Mining
35:27 Guard Tower
35:03 Capped Ram
36:38 Hand Cart
36:18 Fletching
36:38 Forging
36:29 Scale Mail Armor
39:30 Keep
38:44 Elite Samurai
41:57 Iron Casting
41:38 Chain Mail Armor
42:37 Heavy Plow
44:28 Two-Man Saw
44:13 Thumb Ring
43:29 Elite Skirmisher
45:14 Blast Furnace
44:10 Bodkin Arrow
44:46 Plate Mail Armor
48:17 Bracer
48:18 Padded Archer Armor
50:10 Chemistry
49:30 Ballistics
PiotrekEs
5:55 Loom
13:11 Feudal Age
14:30 Double-Bit Axe
21:26 Castle Age
23:00 Bow Saw
23:20 Horse Collar
30:04 Wheelbarrow
34:33 Masonry
34:46 Ballistics
36:37 Hand Cart
36:17 Fletching
36:27 Padded Archer Armor
36:37 Gold Mining
37:00 Heavy Plow
41:00 Imperial Age
40:21 Bodkin Arrow
40:26 Padded Archer Armor
41:29 Gold Shaft Mining
42:46 Chemistry
41:56 Thumb Ring
42:31 Town Watch
43:26 Conscription
43:08 Shatagni
43:44 Hoardings
43:12 Grand Trunk Road
43:33 Leather Archer Armor
43:27 Elite Skirmisher
44:17 Bracer
46:38 Town Patrol
50:18 Siege Engineers
53:32 Ring Archer Armor
53:13 Forging
小佑
12:28 Feudal Age
13:10 Double-Bit Axe
13:45 Fishing Lines
15:56 Wheelbarrow
17:12 Man-at-Arms
17:55 Scale Mail Armor
18:44 Loom
22:05 Forging
25:54 Town Watch
30:28 Castle Age
28:27 Stone Mining
29:24 Gold Mining
31:37 Hand Cart
31:44 Squires
31:05 Long Swordsman
32:07 Chain Mail Armor
32:27 Iron Casting
34:09 Bow Saw
34:53 Gillnets
36:25 Ballistas
36:59 Gold Shaft Mining
36:18 Horse Collar
40:27 Imperial Age
40:40 Heavy Scorpion
41:43 Conscription
41:17 Legionary
42:27 Masonry
44:57 Iron Casting
45:57 Chemistry
46:23 Pikeman
47:47 Pikeman
48:25 Halberdier
52:10 Blast Furnace
54:40 Guilds
Connection lost

Rejoining the realm…

Still unreachable

The connection could not be restored.

Session expired

The server has moved on; the page needs a fresh start.